 Dungeon Crawl Stone Soup version 0.30-a0-4-ga7cffc901d (webtiles) character file.

Game seed: 9601425776638834123

457 HoaS the Skirmisher (level 7, 0/40 HPs)
             Began as a Gargoyle Hunter on Aug 21, 2022.
             Slain by an iron imp (6 damage)
             ... summoned by Eustachio
             ... on level 4 of the Dungeon.
             The game lasted 00:06:50 (3213 turns).

HoaS the Skirmisher (Gargoyle Hunter)               Turns: 3213, Time: 00:06:50

Health: 0/40       AC: 14    Str: 14    XL:     7   Next: 6%
Magic:  7/7        EV: 11    Int: 10    God:
Gold:   261        SH:  0    Dex: 15    Spells: 6/6 levels left

rFire   . . .      SeeInvis +    a - +0 shortbow
rCold   . . .      Faith    .    (shield currently unavailable)
rNeg    + . .      Spirit   .    c - +0 leather armour
rPois   ∞          Reflect  .    q - +2 helmet {SInv}
rElec   +          Harm     .    l - +1 cloak
rCorr   .          Rampage  .    f - +1 pair of gloves
Will    .....                    (no boots)
Stlth   ++........               (no amulet)
HPRegen 0.13/turn                d - ring of see invisible
MPRegen 0.10/turn                (no ring)

@: studying Staves
A: sickness immunity, AC +4, negative energy resistance 1, electricity
resistance, torment resistance 1, petrification resistance
a: no special abilities


You were on level 4 of the Dungeon.
You visited 1 branch of the dungeon, and saw 4 of its levels.

You collected 261 gold pieces.

Inventory:

Hand Weapons
 a - a +0 shortbow (weapon)
Missiles
 o - a throwing net
Armour
 c - a +0 leather armour (worn)
 f - a +1 pair of gloves (worn)
 l - a +1 cloak (worn)
 q - a +2 helmet of see invisible (worn)
Jewellery
 d - a ring of see invisible (left hand)
Wands
 i - a wand of flame (12)
Scrolls
 b - 2 scrolls of immolation
 p - a scroll of noise
Potions
 e - 2 potions of flight
 g - 2 potions of mutation
 h - a potion of heal wounds {unknown}
 j - 2 potions of cancellation {unknown}
 k - a potion of resistance {unknown}
 m - a potion of brilliance {unknown}
 n - a potion of attraction {unknown}


   Skills:
 - Level 2.1 Fighting
 + Level 8.2 Ranged Weapons
 - Level 1.5 Dodging
 - Level 1.1 Stealth


You had 6 spell levels left.
You didn't know any spells.
Your spell library contained the following spells:

 Spells                   Type           Power      Damage    Failure   Level
 Summon Small Mammal      Summ           0%         N/A       43%         1
 Blink                    Tloc           0%         N/A       58%         2
 Call Canine Familiar     Summ           0%         N/A       82%         3
 Ignite Poison            Fire/Tmut/Pois 0%         N/A       82%         3
 Lesser Beckoning         Tloc           0%         N/A       82%         3
 Mephitic Cloud           Conj/Pois/Air  0%         N/A       82%         3
 Summon Guardian Golem    Hex/Summ       0%         N/A       82%         3
 Freezing Cloud           Conj/Ice/Air   0%         6-21      100%        5
 Manifold Assault         Tloc           0%         N/A       100%        5


Dungeon Overview and Level Annotations

Branches:
Dungeon (4/15)
 Temple: D:4-7

Altars:
Nemelex Xobeh

Shops:
D:4 (

Annotations:
D:4 Eustachio


Innate Abilities, Weirdness & Mutations

You are immune to sickness and miasma.
Your stone body is resilient. (AC +4)
You are immune to poison.
You resist negative energy. (rN+)
You are resistant to electric shocks. (rElec)
You are resistant to unholy torment.
You are immune to petrification.


Message History

The arrow hits Eustachio.
Eustachio is lightly wounded.
Eustachio calls on the powers of shadow!
Eustachio mumbles some strange words.
Eustachio blinks!
The necrophage hits you but does no damage.
The iron imp hits you but does no damage. x2
The necrophage barely misses you.
Fire: a) +0 shortbow
Press: ? - help, Q - select action, (/) - cycle Shift-Dir - straight line, f - necrophage
Aim: a necrophage (severely damaged, 64% to hit)
You shoot an arrow.
The arrow closely misses the necrophage.
The arrow hits the hobgoblin but does no damage.
The hobgoblin is moderately wounded.
The crimson imp disappears in a puff of smoke!
The necrophage barely misses you.
The iron imp hits you but does no damage.
The iron imp closely misses you.
Fire: a) +0 shortbow
Press: ? - help, Q - select action, (/) - cycle Shift-Dir - straight line, f/p - necrophage
Aim: a necrophage (severely damaged, 64% to hit)
You shoot an arrow. The arrow hits the necrophage.
The necrophage is almost destroyed.
The necrophage hits you but does no damage.
Fire: a) +0 shortbow
Press: ? - help, Q - select action, (/) - cycle Shift-Dir - straight line, f/p - necrophage
Aim: a necrophage (almost destroyed, 64% to hit)
You shoot an arrow. The arrow hits the necrophage!
You destroy the necrophage!
The iron imp disappears in a puff of smoke!
The iron imp misses you.
An endoplasm comes into view.
You have reached level 7!
Fire: a) +0 shortbow
Press: ? - help, Q - select action, (/) - cycle Shift-Dir - straight line, f - Eustachio
Aim: Eustachio, wielding a +1 falchion of electrocution and wearing a +0 leather armour (lightly wounded, 54% to hit)
You shoot an arrow. The arrow barely misses Eustachio.
The iron imp hits you.
You die...

. .. ### ... ####
#.. .... ...######
#.##n_..⌠ ........#
#gJ....J@ ##.####.#
#.# #.# #.# #g# #.#
##.########@# #.#
#.........5§# #.#
#..########.# #.#
#..# #@# #.# #..#
#.# ##.###..## #.#
.....#..)#######.##
..................
####.#...#####..##


You could see Eustachio, an iron imp (summoned), an endoplasm and 2 hobgoblins.

Vanquished Creatures
  Sigmund (D:2)
  A scorpion (D:4)
  A necrophage (D:4)
  A jelly (D:4)
  Ijyb (D:3)
  3 adders
  A worm (D:2)
  2 dart slugs
  4 orcs (D:4)
  3 bats
  7 endoplasms
  6 giant cockroaches
  12 goblins
  6 hobgoblins
  4 jackals (D:1)
  3 kobolds
  4 quokkas
  11 ball pythons
  6 frilled lizards
  3 rats
80 creatures vanquished.

Vanquished Creatures (others)
  54 plants
54 creatures vanquished.

Grand Total: 134 creatures vanquished

Notes
Turn   | Place    | Note
-------+----------+-------------------------------------------
     0 | D:1      | HoaS the Gargoyle Hunter began the quest for the Orb.
     0 | D:1      | Reached XP level 1. HP: 12/12 MP: 1/1
   192 | D:1      | Reached XP level 2. HP: 15/17 MP: 2/2
   430 | D:1      | Reached XP level 3. HP: 21/21 MP: 3/3
   473 | D:1      | Reached skill level 5 in Ranged Weapons
  1028 | D:2      | Found a faded altar of an unknown god.
  1028 | D:2      | Noticed Sigmund
  1035 | D:2      | Killed Sigmund
  1036 | D:2      | Reached skill level 6 in Ranged Weapons
  1036 | D:2      | Reached XP level 4. HP: 24/26 MP: 4/4
  1036 | D:2      | Reached XP level 5. HP: 27/30 MP: 5/5
  1400 | D:2      | Reached skill level 7 in Ranged Weapons
  1512 | D:2      | Reached XP level 6. HP: 35/35 MP: 6/6
  1925 | D:3      | Noticed Ijyb
  1948 | D:3      | Killed Ijyb
  2578 | D:4      | Found Xusitoul's Weapon Shop.
  3121 | D:4      | Reached skill level 8 in Ranged Weapons
  3190 | D:4      | Found a sparkling altar of Nemelex Xobeh.
  3190 | D:4      | Noticed Eustachio
  3213 | D:4      | Reached XP level 7. HP: 6/40 MP: 7/7
  3213 | D:4      | Slain by an iron imp

Illustrated notes

Levels and vault maps discovered:
D:1:      elethiomel_arrival_infinity_welcomes_careful_drivers, layout_basic,
          chequers_jeans, hex_medium
D:2:      layout_basic, basic_ecumenical_altar, serial_glass, glass_columns_a,
          glass_columns_b, uniq_sigmund
D:3:      layout_rooms, serial_bayou, serial_bayou_pond_c, serial_bayou_shore_a,
          serial_bayou_pond_e, serial_bayou_lake_a, uniq_ijyb
D:4:      layout_loops_ring, grunt_temple_overflow_open, serial_bayou,
          serial_bayou_ford_a, serial_bayou_lagoon_a, serial_bayou_pond_d,
          serial_bayou_shore_b, serial_bayou_shore_b, serial_shops, shop,
          uniq_natasha, uniq_eustachio, uniq_duvessa

Skill      XL: |  1  2  3  4  5  6 |
---------------+-------------------+-----
Ranged Weapons | 6 7 8 |  8.2
Fighting       | |  2.1
Dodging        | |  1.5
Stealth        | |  1.1

Action                   |  1- 3 |  4- 6 |  7- 9 || total
-------------------------+-------+-------+-------++-------
 Fire: Shortbow          |   108 |   195 |     1 ||   304
  Use: Scroll            |     7 |     5 |       ||    12
       Potion            |     1 |     2 |       ||     3
Armor: Leather armour    |    18 |    43 |       ||    61
Dodge: Dodged            |    41 |    58 |       ||    99

Table legend: (Time is in decaauts)
 A = Elapsed time spent in this place.
 B = Non-inter-level travel time spent in this place.
 C = Inter-level travel time spent in this place.
 D = Time resting spent in this place.
 E = Time spent auto-exploring this place.
 F = Levels seen in this place.
 G = Mean time per level.
                   A        B        C        D        E       F      G
               +--------+--------+--------+--------+--------+-----+--------+
         Total |   3338 |   3251 |     87 |    893 |   1783 |   4 |  834.5 |
       Dungeon |   3338 |   3251 |     87 |    893 |   1783 |   4 |  834.5 |
               +--------+--------+--------+--------+--------+-----+--------+

Top non-repeatable levels by time:
     D:1: 1018 daAuts
     D:3: 838 daAuts
     D:4: 758 daAuts
     D:2: 722 daAuts
